Map: 카이로스 정션 - 래더

Players

GuMiho

  • Race: Terran Terran
  • League: Master
  • Spawn Location: 5:00

llllllllllll (Trap) - Winner!

  • Race: Protoss Protoss
  • League: Master
  • Spawn Location: 11:00

VOD

Have the link to the VOD?

Description

Time

  • Played on: Aug. 8, 2019, 6:52 a.m.
  • Length: 11:07
Show
View Real Time Build Order
Export as new Build Order

GuMiho Terran 

Build Orders: 2 Factory, Cyclone Opening 

Get SALT Encoding   

  12  0:00  SCV  
  13  0:12  SCV  
  14  0:17  Supply Depot  
  14  0:25  SCV  
  15  0:39  SCV  
  15  0:41  Barracks  
  16  0:45  Refinery  
  16  0:51  SCV  
  16  0:55  Refinery  
  17  1:03  SCV  
  18  1:15  SCV  
  19  1:28  Orbital Command  
  19  1:36  Reaper  
  20  1:42  Factory  
  20  1:51  Supply Depot  
  20  1:54  SCV  
  21  2:06  SCV  
  21  2:08  Reaper  
  23  2:18  SCV  
  24  2:27  Factory Tech Lab  
  24  2:28  Factory  
  24  2:30  SCV  
  25  2:39  Supply Depot  
  25  2:45  SCV  
  25  2:46  Cyclone  
  25  2:51  Mag-Field Accelerator  
  29  2:56  Supply Depot  
  29  2:57  SCV  
  30  3:09  SCV  
  30  3:11  Factory Tech Lab  
  31  3:12  Supply Depot  
  31  3:19  Cyclone  
  34  3:21  SCV  
  35  3:32  Cyclone  
  38  3:36  SCV  
  39  3:49  SCV  
  39  3:53  Cyclone  
  43  3:57  Supply Depot  
  43  4:09  Cyclone  
  46  4:35  SCV  
  46  4:37  Cyclone  
  50  4:43  Command Center  
  50  4:47  SCV  
  51  5:08  Cyclone  
  54  5:16  Cyclone  
  56  5:34  SCV  
  50  5:41  Barracks  
  50  5:43  Barracks  
  50  5:44  Barracks  
  50  5:46  SCV  
  53  6:05  SCV  
  51  6:20  SCV  
  51  6:21  SCV  
  53  6:35  Orbital Command, SCV  
  53  6:36  Marine  
  53  6:37  Marine x2  
  53  6:39  Bunker  
  57  6:40  Starport  
  57  6:41  Bunker  
  57  6:42  Engineering Bay x2  
  57  6:43  Refinery  
  57  6:44  Refinery  
  57  6:48  SCV  
  58  6:54  Marine  
  58  6:55  Reaper, Marine  
  58  7:00  SCV  
  58  7:01  Supply Depot  
  62  7:02  SCV  
  63  7:09  Terran Infantry Armor Level 1, Terran Infantry Weapons Level 1  
  63  7:13  SCV  
  63  7:14  SCV  
  65  7:17  Marine x2  
  65  7:18  Viking  
  69  7:25  SCV  
  69  7:26  SCV, Supply Depot  
  69  7:29  Supply Depot  
  71  7:31  Barracks Tech Lab  
  71  7:37  SCV  
  71  7:38  SCV  
  71  7:39  Factory Tech Lab  
  71  7:43  Supply Depot  
  73  7:46  Factory Tech Lab  
  73  7:48  Barracks Reactor x2  
  73  7:51  Marine  
  74  7:52  Starport Reactor  
  74  7:57  Barracks  
  74  7:59  Siege Tank  
  77  8:05  Siege Tank  
  77  8:06  SCV x2  
  77  8:12  Stimpack  
  82  8:13  Supply Depot  
  82  8:16  Marine  
  83  8:29  Missile Turret  
  83  8:30  Medivac x2  
  83  8:33  Siege Tank  
  90  8:34  Marine  
  90  8:36  Marine x4  
  90  8:37  Siege Tank  
  98  8:45  Barracks Tech Lab  
  98  8:49  Supply Depot  
  98  8:52  Marine  
  98  8:54  Marine x4  
  102  9:06  Combat Shield  
  102  9:07  Siege Tank  
  105  9:17  Marine x4  
  102  9:18  Marine x2  
  108  9:27  Medivac x2  
  112  9:34  Marine  
  112  9:35  Marine x2  
  112  9:38  Armory  
  115  9:40  Command Center  
  115  9:46  Marine x3  
  115  9:48  Siege Tank  
  121  9:54  Siege Tank  
  124  10:03  Marine x3  
  124  10:04  Marine x3  
  129  10:21  Marine x4  
  129  10:22  Marine x2  
  122  10:33  Siege Tank x2  
  113  10:38  Marine  
  113  10:39  Marine x5  
Show
View Real Time Build Order
Export as new Build Order

llllllllllll Protoss - Winner!

Build Orders: 1 Gate Expand 

Get SALT Encoding   

  12  0:00  Probe  
  13  0:12  Probe  
  14  0:17  Pylon  
  14  0:24  Probe  
  15  0:32  Probe  
  15  0:37  Gateway  
  15  0:40  Probe  
  16  0:46  Assimilator  
  17  0:50  Probe  
  18  1:02  Probe  
  19  1:15  Probe  
  20  1:24  Cybernetics Core  
  20  1:34  Nexus  
  20  1:40  Pylon  
  20  1:43  Probe  
  21  1:50  Assimilator  
  21  1:51  Stalker  
  21  1:56  Probe  
  24  2:04  Warp Gate  
  24  2:11  Shield Battery  
  24  2:17  Stalker  
  26  2:31  Probe  
  27  2:43  Probe  
  27  2:48  Stalker  
  29  2:56  Probe, Robotics Facility  
  29  2:59  Probe  
  29  3:04  Probe  
  31  3:12  Probe  
  33  3:14  Probe  
  33  3:18  Stalker  
  36  3:24  Probe  
  36  3:26  Probe  
  38  3:30  Gateway  
  38  3:36  Probe  
  38  3:38  Probe  
  40  3:56  Stalker, Immortal  
  40  3:58  Pylon  
  42  4:03  Gateway  
  42  4:07  Probe x2  
  44  4:13  Pylon  
  42  4:19  Pylon  
  42  4:25  Warp Prism  
  42  4:29  Cybernetics Core  
  42  4:35  Zealot  
  42  4:37  Zealot  
  48  4:43  Gateway  
  48  4:48  Immortal  
  52  5:08  Stalker  
  52  5:10  Pylon  
  52  5:14  Pylon  
  54  5:19  Immortal  
  51  5:24  Pylon  
  51  5:34  Stalker x2  
  59  5:37  Probe x2  
  61  5:44  Twilight Council  
  61  5:49  Probe x2  
  63  5:52  Pylon  
  63  5:53  Observer  
  63  6:01  Probe x2  
  66  6:04  Assimilator  
  66  6:10  Stalker x2  
  70  6:13  Probe x2, Blink  
  70  6:18  Stalker  
  74  6:26  Stalker  
  70  6:35  Probe x2  
  72  6:50  Forge  
  72  6:51  Probe  
  72  6:52  Probe  
  74  7:00  Nexus, Stalker  
  74  7:01  Stalker  
  78  7:04  Pylon  
  78  7:05  Protoss Ground Weapons Level 1  
  78  7:11  Probe x2  
  78  7:14  Observer  
  80  7:22  Gateway  
  80  7:23  Gateway  
  80  7:24  Gateway  
  80  7:28  Probe x2  
  82  7:30  Pylon  
  82  7:37  Sentry x2  
  84  7:38  Sentry  
  84  7:40  Zealot  
  90  7:45  Probe x2  
  90  7:46  Pylon  
  92  7:57  Charge  
  92  8:00  Stalker  
  92  8:04  Probe x2  
  95  8:08  Pylon  
  95  8:17  Gateway  
  95  8:19  Probe x2  
  97  8:20  Probe, Gateway  
  98  8:30  Zealot x4  
  106  8:35  Zealot  
  106  8:36  Zealot  
  106  8:39  Warp Prism  
  112  8:43  Pylon  
  111  9:05  Nexus, Zealot  
  111  9:06  Zealot x4  
  111  9:08  Zealot  
  123  9:15  Observer  
  124  9:20  Zealot x3  
  124  9:23  Pylon  
  124  9:24  Pylon, Probe x3  
  129  9:38  Forge  
  127  9:45  Zealot x4  
  127  9:46  Zealot x2  
  139  9:54  Zealot x3  
  139  9:59  Templar Archives  
  145  10:08  Zealot x3  
  145  10:11  Pylon  
  139  10:31  Stalker x2  
  139  10:32  Stalker x4, Zealot  
  133  10:48  Stalker x2  
  129  10:52  Stalker  
  129  11:03  Stalker x2  
  129  11:04  Stalker x4  
Tags
 
Add a new tag
Caveats
  • Supply blocks, unpowered buildings, or Contaminate may cause inaccurate times.
  • Supply counts are checked every 10 seconds.